 Dungeon Crawl Stone Soup version 0.22.1-1-ga44c0e56f4 (webtiles) character file.

38160 Ihlosi the Fighter (level 14, -10/116 HPs)
             Began as a Human Gladiator on Nov 10, 2018.
             Was a High Priest of the Shining One.
             Killed from afar by a deep elf mage (32 damage)
             ... with a bolt of magma
             ... on level 1 of the Elven Halls.
             The game lasted 01:14:44 (20988 turns).

Ihlosi the Fighter (Human Gladiator)               Turns: 20988, Time: 01:14:44

Health: -10/116    AC: 23    Str: 21    XL:     14   Next: 32%
Magic:  17/19      EV: 11    Int:  8    God:    the Shining One [*****.]
Gold:   1400       SH:  2    Dex: 17    Spells: 13/13 levels left

rFire    . . .     SeeInvis .   b - +4 triple sword (freeze)
rCold    . . .     Gourm    .   (shield currently unavailable)
rNeg     + + .     Faith    .   F - +2 plate armour {rPois}
rPois    +         Spirit   .   O - +2 hat
rElec    .         Reflect  +   x - +1 cloak
rCorr    .         Harm     .   J - +1 pair of gloves
MR       +....                  (no boots)
Stlth    ..........             L - +2 amulet of reflection
HPRegen  0.29/turn              j - +1 ring of slaying
MPRegen  0.16/turn              y - +3 ring of strength

@: very slightly contaminated, glowing
A: claws 1, hooves 1
a: Divine Shield, Cleansing Flame, Summon Divine Warrior, Renounce Religion


You were on level 1 of the Elven Halls.
You worshipped the Shining One.
The Shining One was extremely pleased with you.
You were hungry.

You visited 5 branches of the dungeon, and saw 20 of its levels.
You also visited: Ice Cave.

You collected 1400 gold pieces.

Inventory:

Hand Weapons
 a - a +5 great sword
 b - a +4 triple sword of freezing (weapon)
 c - a +2 long sword of holy wrath
 t - a +0 dagger of electrocution
 R - a +1 arbalest of velocity
Missiles
 d - 3 throwing nets (quivered)
Armour
 g - a +1 ring mail of fire resistance
 s - a scarf of cloud immunity
 v - +0 steam dragon scales
 x - a +1 cloak (worn)
 F - a +2 plate armour of poison resistance (worn)
 J - a +1 pair of gloves (worn)
 O - a +2 hat (worn)
Jewellery
 j - a +1 ring of slaying (left hand)
 m - an uncursed ring of poison resistance
 p - an uncursed amulet of guardian spirit
 w - an uncursed ring of see invisible
 y - a +3 ring of strength (right hand)
 C - an uncursed amulet of harm
 L - a +2 amulet of reflection (around neck)
Wands
 k - a wand of enslavement (32)
 n - a wand of polymorph (18)
 u - a wand of scattershot (3)
 z - a wand of paralysis (14)
 B - a wand of iceblast (17)
 K - a wand of flame (20)
Scrolls
 o - a scroll of enchant armour
 q - 3 scrolls of remove curse
 E - a scroll of vulnerability
 I - a scroll of identify
 M - 8 scrolls of fog
Potions
 h - 2 potions of degeneration
 i - 5 potions of brilliance
 l - a potion of haste
 A - a potion of curing
 D - a potion of berserk rage
 G - 2 potions of might
 N - a potion of flight {unknown}
Miscellaneous
 H - a lamp of fire (inert)
Comestibles
 f - 14 rations


   Skills:
 * Level 12.9 Fighting
 - Level 12.0 Long Blades
 * Level 1.3 Crossbows
 - Level 2.0 Throwing
 * Level 10.2 Armour
 - Level 9.0 Dodging
 - Level 3.0 Stealth
 - Level 1.0 Unarmed Combat
 * Level 7.2 Invocations
 - Level 6.0 Evocations


You had 13 spell levels left.
You didn't know any spells.
Your spell library contained the following spells:

 Spells                   Type           Power        Failure   Level  Hunger
 Passwall                 Tmut/Erth      #.......     100%        2    ###....
 Swiftness                Chrm/Air       #.......     100%        2    ###....
 Passage of Golubria      Tloc           N/A          100%        4    #####..
 Lee's Rapid Deconstruct  Erth           #.........   100%        5    ######.
 Darkness                 Hex            #.........   100%        6    #######
 Invisibility             Hex            #.......     100%        6    #######


Dungeon Overview and Level Annotations

Branches:
Dungeon (12/15)            Temple (1/1) D:7            Lair (4/6) D:10
  Swamp (0/4) Lair:3       Spider (0/4) Lair:4          Orc (2/2) D:12
    Elf (1/3) Orc:2

Altars:
Ashenzari
Cheibriados
Dithmenos
Elyvilon
Fedhas
Gozag
Hepliaklqana
Kikubaaqudgha
Makhleb
Nemelex Xobeh
Okawaru
Qazlal
Ru
Sif Muna
Trog
Uskayaw
Vehumet
Wu Jian
Xom
Yredelemnul
Zin
The Shining One

Portals:
Labyrinth: Orc:2

Annotations:
D:5 unfinished
D:6 3 runed doors, tidbits's ghost, novice SpNe
D:12 exclusion: 2 oklob plants
Orc:2 Donald; Erolcha; Rupert


Innate Abilities, Weirdness & Mutations

You have sharp fingernails.
You have large cloven feet.


Message History

You slash the earth elemental!
You kick the earth elemental, but do no damage.
The earth elemental is moderately damaged.
Found a scroll of identify and a leather armour.
You see here a dagger.
You hit the earth elemental.
You kick the earth elemental, but do no damage.
The earth elemental is heavily damaged.
The deep elf mage gestures wildly while chanting.
The earth elemental misses you. The earth elemental closely misses you.
Unknown command.
You slash the earth elemental!
The earth elemental is severely damaged.
Unknown command.
You slash the earth elemental!
You destroy the earth elemental!
The earth elemental hits you but does no damage.
The deep elf mage gestures at you while chanting.
The bolt of magma hits you!
You die...

### ###
...'.# #
.Y#e# #.
##.#e#
#..#..#e#
#...?E#@#
#[?#..#E#
##.#e#
#..#..#)#
+.....#<#
#########


You could see an earth elemental, a water elemental, 4 deep elf magi and an ice
beast.

Vanquished Creatures
  A catoblepas (Lair:4)
  A two-headed ogre (D:8)
  A death knight (D:11)
  5 death yaks
  2 ugly things
  2 orc sorcerers (Orc:1)
  2 deep elf magi (Elf:1)
  4 cyclopes
  2 ice statues (IceCv)
  A molten gargoyle (Lair:2)
  2 black mambas
  A centaur zombie (D:12)
  A gargoyle (D:11)
  10 spiny frogs
  4 komodo dragons
  2 rime drakes (Lair:4)
  6 ice devils (IceCv)
  A tengu conjurer (D:11)
  4 trolls
  Prince Ribbit (D:5)
  5 dream sheep (Lair:2)
  10 blink frogs
  4 hippogriffs
  A wyvern (Lair:1)
  23 yaks
  2 basilisks
  A wraith (D:10)
  3 steam dragons
  4 fire bats
  6 water moccasins
  A soldier ant (D:10)
  4 porcupines
  5 sky beasts
  16 ice beasts
  3 black bears
  An eye of draining (D:7)
  11 orc warriors
  A necrophage (D:8)
  2 phantoms (D:9)
  4 wolves (Lair:4)
  2 ogres
  8 centaurs
  10 crocodiles
  A big kobold (D:12)
  A wyvern zombie (D:12)
  13 bullfrogs
  A wyvern skeleton (D:11)
  4 scorpions
  22 killer bees
  4 wights (D:9)
  2 howler monkeys
  3 crimson imps
  A quasit (D:10)
  A bullfrog zombie (D:6)
  2 hounds
  3 jellies
  A gnoll shaman (D:11)
  8 orc priests
  15 orc wizards
  3 iguanas
  7 centaur skeletons
  12 worker ants
  3 hound skeletons
  A howler monkey zombie (D:7)
  A howler monkey skeleton (D:10)
  16 adders
  10 gnolls
  3 shadow imps
  2 white imps (IceCv)
  3 ufetubi (IceCv)
  3 worms
  2 dart slugs
  7 leopard geckos
  56 orcs
  3 giant cockroaches
  6 goblins
  6 hobgoblins
  11 jackals
  5 quokkas
  A ball python (D:1)
  12 bats
  6 frilled lizards
  12 kobolds
  2 quokka skeletons
  12 rats
467 creatures vanquished.

Vanquished Creatures (collateral kills)
  An orc sorcerer (Orc:2)
  An orc warrior (Orc:2)
  An orc wizard (Orc:2)
  An orc (Orc:2)
4 creatures vanquished.

Vanquished Creatures (others)
  A yak (D:6)
  12 white imps (IceCv)
  5 ufetubi (IceCv)
  8 fungi
  2 plants
28 creatures vanquished.

Grand Total: 499 creatures vanquished

Notes
Turn   | Place    | Note
-------+----------+-------------------------------------------
     0 | D:1      | Ihlosi the Human Gladiator began the quest for the Orb.
     0 | D:1      | Reached XP level 1. HP: 16/16 MP: 1/1
   292 | D:1      | Reached skill level 1 in Stealth
   292 | D:1      | Reached XP level 2. HP: 20/22 MP: 2/2
   583 | D:1      | Reached XP level 3. HP: 28/28 MP: 3/3
  1045 | D:2      | Reached XP level 4. HP: 23/35 MP: 4/4
  1162 | D:2      | Reached XP level 5. HP: 38/42 MP: 5/5
  1197 | D:2      | Found a shimmering altar of Xom.
  2149 | D:3      | Reached XP level 6. HP: 33/49 MP: 6/6
  2154 | D:3      | Reached skill level 1 in Armour
  2156 | D:3      | Gained mutation: You have sharp fingernails. [potion of
                  | mutation]
  2156 | D:3      | Gained mutation: You have large cloven feet. [potion of
                  | mutation]
  2162 | D:3      | HP: 2/49 [leopard gecko (1)]
  2796 | D:4      | Noticed an ice beast
  2869 | D:4      | Reached XP level 7. HP: 5/55 MP: 7/7
  3308 | D:4      | Reached skill level 1 in Evocations
  3840 | D:5      | Entered Level 5 of the Dungeon
  4340 | D:5      | Got a colourful robe
  4351 | D:5      | Identified the +2 robe "Riyrud" {rElec rF- Int-2 Dex+8}
                  | (You found it on level 5 of the Dungeon)
  4395 | D:5      | Found a blossoming altar of Fedhas.
  4403 | D:5      | Reached skill level 5 in Fighting
  4496 | D:5      | Noticed Prince Ribbit
  4663 | D:5      | Reached skill level 5 in Long Blades
  4670 | D:5      | Reached XP level 8. HP: 46/62 MP: 7/9
  5179 | D:6      | Noticed a yak
  5179 | D:6      | Noticed a yak
  5179 | D:6      | Noticed a yak
  5181 | D:6      | Noticed a yak
  5187 | D:6      | Noticed a yak
  5194 | D:6      | Killed a yak
  5199 | D:6      | Killed a yak
  5206 | D:6      | Killed a yak
  5218 | D:6      | HP: 2/63 [yak (5)]
  5219 | D:6      | Killed a yak
  5219 | D:6      | Reached XP level 9. HP: 2/69 MP: 0/11
  5772 | D:6      | Reached skill level 1 in Unarmed Combat
  5982 | D:6      | Reached skill level 5 in Armour
  6366 | D:6      | Found a runed gate.
  6367 | D:6      | Found an opulent altar of Gozag.
  6368 | D:6      | Found a runed gate.
  6368 | D:6      | Found a runed gate.
  6368 | D:6      | Noticed tidbits's ghost (novice SpNe)
  6413 | D:6      | Reached skill level 5 in Dodging
  6880 | D:7      | Found an ornate altar of the Wu Jian Council.
  7463 | D:7      | Reached XP level 10. HP: 71/80 MP: 11/13
  7816 | D:5      | Killed Prince Ribbit
  8350 | D:7      | Found a staircase to the Ecumenical Temple.
  8424 | Temple   | Entered the Ecumenical Temple
  8515 | Temple   | Became a worshipper of the Shining One
  8737 | D:8      | Noticed a two-headed ogre
  8771 | D:8      | Found a stormy altar of Qazlal.
  9353 | D:8      | Reached skill level 5 in Evocations
  9818 | D:8      | Killed a two-headed ogre
  9818 | D:8      | Reached skill level 1 in Invocations
  9818 | D:8      | Reached XP level 11. HP: 89/89 MP: 14/14
 10240 | D:9      | Reached * piety under the Shining One
 10835 | D:10     | Entered Level 10 of the Dungeon
 11117 | D:10     | Reached ** piety under the Shining One
 11329 | D:10     | Found a staircase to the Lair.
 11957 | Lair:1   | Entered Level 1 of the Lair of Beasts
 12719 | Lair:1   | Reached XP level 12. HP: 47/97 MP: 14/16
 12724 | Lair:1   | Reached skill level 10 in Fighting
 12747 | Lair:1   | Reached skill level 10 in Long Blades
 14255 | Lair:2   | Reached skill level 5 in Invocations
 15005 | Lair:3   | Got a fine robe
 15015 | Lair:3   | Reached XP level 13. HP: 89/105 MP: 17/17
 15037 | Lair:3   | Identified the +1 robe of Wugrame {*Contam rPois rF+} (You
                  | found it on level 3 of the Lair of Beasts)
 15269 | Lair:3   | Found a staircase to the Swamp.
 16055 | Lair:3   | Found a white marble altar of Elyvilon.
 16740 | Lair:4   | Reached *** piety under the Shining One
 16793 | Lair:4   | Noticed a catoblepas
 16803 | Lair:4   | Noticed a catoblepas
 16841 | Lair:4   | Killed a catoblepas
 16853 | Lair:4   | Found a hole to the Spider Nest.
 17373 | D:11     | Found a frozen archway.
 17400 | IceCv    | Entered an ice cave
 19129 | IceCv    | Noticed a reaper
 19129 | IceCv    | Reached **** piety under the Shining One
 19645 | D:11     | Found a hide-covered altar of Uskayaw.
 19827 | D:11     | You fall through a shaft!
 20132 | D:12     | Reached XP level 14. HP: 112/115 MP: 19/19
 20565 | D:12     | Found a staircase to the Orcish Mines.
 20594 | Orc:1    | Entered Level 1 of the Orcish Mines
 20707 | Orc:1    | Reached skill level 10 in Armour
 20718 | Orc:1    | Reached skill level 1 in Crossbows
 20951 | Orc:1    | You fall through a shaft!
 20951 | Orc:2    | Entered Level 2 of the Orcish Mines
 20951 | Orc:2    | Noticed Rupert
 20951 | Orc:2    | Reached ***** piety under the Shining One
 20955 | Orc:2    | Noticed Erolcha
 20955 | Orc:2    | Noticed an orc warlord
 20960 | Orc:2    | Found a labyrinth entrance.
 20960 | Orc:2    | Found a staircase to the Elven Halls.
 20963 | Orc:2    | Noticed Donald
 20966 | Elf:1    | Entered Level 1 of the Elven Halls
 20976 | Elf:1    | HP: 3/116 [deep elf mage/bolt of cold (13)]
 20984 | Elf:1    | The Shining One protects you from harm!
 20988 | Elf:1    | Killed from afar by a deep elf mage

Skill      XL: |  1  2  3  4  5  6  7  8  9 10 11 12 13 14 |
---------------+-------------------------------------------+-----
Stealth        | 1 2 3 |  3.0
Fighting       | 3 4 5 7 9 10 12 | 12.9
Armour         | 1 3 4 5 6 7 9 10 | 10.2
Long Blades    | 4 5 6 8 9 11 12 | 12.0
Evocations     | 1 2 4 5 6 |  6.0
Dodging        | 4 5 6 7 8 9 |  9.0
Unarmed Combat | 1 |  1.0
Invocations    | 1 3 5 6 7 |  7.2
Crossbows      | 1 |  1.3
Throwing       | |  2.0

Action                   |  1- 3 |  4- 6 |  7- 9 | 10-12 | 13-15 || total
-------------------------+-------+-------+-------+-------+-------++-------
Melee: Long sword        |    67 |    71 |       |       |       ||   138
       Great sword       |       |    80 |   241 |   552 |   232 ||  1105
       Kick              |       |    14 |    78 |   237 |   182 ||   511
       Triple sword      |       |       |       |       |   155 ||   155
Throw: Throwing net      |       |       |     1 |       |       ||     1
Invok: Summon Divine War |       |       |       |       |     1 ||     1
Evoke: Wand              |       |     1 |     2 |     9 |     4 ||    16
       Lamp of fire      |       |       |       |       |     1 ||     1
  Use: Potion            |       |     4 |     3 |       |     8 ||    15
       Scroll            |       |     9 |     4 |     9 |    13 ||    35
 Stab: Sleeping          |     1 |     1 |     4 |     2 |       ||     8
  Eat: Chunk             |       |     6 |    10 |    24 |     6 ||    46
       Ration            |       |       |     2 |       |     4 ||     6
Armor: Leather armour    |    29 |    37 |       |       |       ||    66
       Skin              |       |    18 |       |       |       ||    18
       Ring mail         |       |       |    71 |       |       ||    71
       Steam dragon scal |       |       |    35 |    49 |       ||    84
       Plate armour      |       |       |       |   269 |   282 ||   551
Dodge: Dodged            |    67 |   134 |   201 |   347 |   222 ||   971
Block: Other             |       |       |       |     2 |    19 ||    21
       Rpst.: Long sword |    29 |    17 |       |       |       ||    46
       Great sword       |       |    24 |    55 |   112 |    29 ||   220
       Triple sword      |       |       |       |       |    26 ||    26
